 Dungeon Crawl Stone Soup version 0.28-a0-48-gfd831c5874 (webtiles) character file.

Game seed: 17700311787094811290

949 runemasterragnar the Sneak (level 8, -10/62 HPs)
             Began as a Naga Enchanter on July 30, 2021.
             Was a Follower of Cheibriados.
             Mangled by a yak (13 damage)
             ... on level 6 of the Dungeon.
             The game lasted 00:16:45 (5022 turns).

runemasterragnar the Sneak (Naga Enchanter)         Turns: 5022, Time: 00:16:45

Health: -10/62     AC:  6    Str: 14    XL:     8   Next: 13%
Magic:  4/22       EV: 10    Int: 21    God:    Cheibriados [*.....]
Gold:   264        SH:  0    Dex: 14    Spells: 5/14 levels left

rFire   + . .      SeeInvis +   a - +1 dagger
rCold   + . .      Faith    .   (no shield)
rNeg    . . .      Spirit   .   b - +0 robe
rPois   +          Reflect  .   (no helmet)
rElec   +          Harm     .   (no cloak)
rCorr   +          Rampage  .   n - +2 pair of gloves
Will    +....                   (no barding)
Stlth   +++.......              (no amulet)
HPRegen 0.20/turn               o - ring of wizardry
MPRegen 0.18/turn               h - ring of magical power

@: short of breath, resistant, flying, very slow
A: AC +2, large, see invisible, deformed body, poison resistance, slowness 2,
spit poison 1, naga tail 1
a: Spit Poison, Renounce Religion, Bend Time


You were on level 6 of the Dungeon.
You worshipped Cheibriados.
Cheibriados was aware of your devotion.
You visited 1 branch of the dungeon, and saw 6 of its levels.

You collected 390 gold pieces.
You spent 126 gold pieces at shops.

Inventory:

Hand Weapons
 a - a +1 dagger (weapon)
 g - a +0 hand crossbow
Armour
 b - a +0 robe (worn)
 n - a +2 pair of gloves (worn)
Jewellery
 h - a ring of magical power (right hand)
 o - a ring of wizardry (left hand)
Scrolls
 c - 2 scrolls of immolation
 d - 2 scrolls of holy word {unknown}
 e - 2 scrolls of torment
 i - a scroll of blinking {unknown}
 k - 2 scrolls of fog
 l - 4 scrolls of amnesia
 q - a scroll of enchant weapon {unknown}
 s - a scroll of identify
Potions
 f - 3 potions of might
 j - a potion of lignification
 m - 2 potions of magic


   Skills:
 - Level 1.0 Short Blades
 - Level 2.2 Dodging
 + Level 7.0 Stealth
 + Level 3.7 Spellcasting
 * Level 5.7 Hexes
 * Level 4.3 Ice Magic
 + Level 2.7 Invocations


You had 5 spell levels left.
You knew the following spells:

 Your Spells              Type           Power      Damage    Failure   Level
a - Corona                Hex            31%        N/A       1%          1
b - Tukima's Dance        Hex            28%        N/A       1%          3
c - Ensorcelled Hibernat  Hex/Ice        50%        N/A       1%          2
d - Confusing Touch       Hex            28%        N/A       1%          3

Your spell library contained the following spells:

 Spells                   Type           Power      Damage    Failure   Level
 Dazzling Flash           Conj/Hex       32%        N/A       4%          3
 Spider Form              Tmut/Pois      1%         N/A       16%         3
 Silence                  Hex/Air        8%         N/A       38%         5
 Agony                    Necr           3%         N/A       77%         5
 Shadow Creatures         Summ           N/A        N/A       99%         6


Dungeon Overview and Level Annotations

Branches:
Dungeon (6/15)             Temple (0/1) D:5

Altars:
Cheibriados
Gozag
Sif Muna
Wu Jian

Shops:
D:1 ?


Innate Abilities, Weirdness & Mutations

Your serpentine skin is tough. (AC +2)
You have supernaturally acute eyesight. (SInv)
Armour fits poorly on your strangely shaped body.
Your system is resistant to poisons. (rPois)
You cover ground very slowly.
You can spit poison.
You have a snake-like lower body.


Message History

Aiming: Ensorcelled Hibernation (safe; 1% risk of failure)
Press: ? - help, Shift-Dir - straight line, f/p - yak
Aim: a yak (chance to affect: 51%)
The yak is unaffected.
The yak closely misses you.
Casting: Ensorcelled Hibernation (safe; 1% risk of failure)
Confirm with . or Enter, or press ? or * to list all spells.
Aiming: Ensorcelled Hibernation (safe; 1% risk of failure)
Press: ? - help, Shift-Dir - straight line, f/p - yak
Aim: a yak (chance to affect: 51%)
The yak is unaffected.
The yak closely misses you.
Casting: Ensorcelled Hibernation (safe; 1% risk of failure)
Confirm with . or Enter, or press ? or * to list all spells.
Aiming: Ensorcelled Hibernation (safe; 1% risk of failure)
Press: ? - help, Shift-Dir - straight line, f/p - yak
Aim: a yak (chance to affect: 51%)
The yak is unaffected.
You have got your breath back.
The yak gores you.
* * * LOW HITPOINT WARNING * * *
Press: ? - help, Shift-Dir - straight line, f/p - yak
Aim: a yak The splash of poison hits the yak.
You kill the yak!
Cheibriados thoroughly appreciates the change of pace.
Your Stealth skill increases to level 7!
You have reached level 8!
You feel clever.
It was a potion of flight.
You feel very buoyant.
You fly up into the air.
The yak misses you.
It was a potion of resistance.
You feel protected. The yak gores you!
* * * LOW HITPOINT WARNING * * *
Unknown command.
Okay, then.
As you read the scroll labelled LIRUSTRY GIANKI, it crumbles to dust.
You feel a surge of unholy energy.
The yak convulses! x3
It was a scroll of torment.
The yak gores you!
You die... ####### #YY.YY#

# #Y# #########....# #@#
.............###.#######
#.#...# #...............
##..#.# ###.####.#######
#.#...####..........########
.###.#......................
## #.#.###..####..#.######.#
# #.#.# #<.# #..#.# #
#.#.###).# #..#.#


You could see 3 yaks.

Vanquished Creatures
  2 yaks (D:6)
  A black bear (D:4)
  An ogre (D:5)
  2 scorpions
  A howler monkey (D:6)
  An orc priest (D:4)
  A jelly (D:6)
  An iguana (D:4)
  2 hound skeletons
  A howler monkey zombie (D:6)
  5 gnolls
  6 adders
  2 ufetubi (D:4)
  4 dart slugs
  3 orcs (D:3)
  8 bats
  4 endoplasms
  2 giant cockroaches
  5 goblins
  11 hobgoblins
  2 jackals (D:3)
  10 kobolds
  3 quokkas
  4 ball pythons
  4 frilled lizards
  5 rats
91 creatures vanquished.

Vanquished Creatures (collateral kills)
  A kobold (D:3)
1 creature vanquished.

Grand Total: 92 creatures vanquished

Notes
Turn   | Place    | Note
-------+----------+-------------------------------------------
     0 | D:1      | runemasterragnar the Naga Enchanter began the quest for the
                  | Orb.
     0 | D:1      | Reached XP level 1. HP: 15/15 MP: 3/3
   336 | D:1      | Reached XP level 2. HP: 20/22 MP: 3/5
   530 | D:1      | Found Ruppuaq's Magic Scroll Boutique.
   553 | D:1      | Bought a scroll of identify for 24 gold pieces
   569 | D:1      | Bought a scroll of teleportation for 36 gold pieces
   569 | D:1      | Bought a scroll of fog for 24 gold pieces
   569 | D:1      | Bought a scroll of amnesia for 42 gold pieces
   623 | D:1      | Found a faded altar of an unknown god.
   694 | D:1      | You fall into a shaft and drop 1 floor!
   783 | D:2      | Reached XP level 3. HP: 25/28 MP: 4/6
   924 | D:1      | Learned a level 3 spell: Tukima's Dance
   927 | D:1      | Learned a level 2 spell: Ensorcelled Hibernation
  1284 | D:2      | Reached skill level 5 in Stealth
  1475 | D:2      | Reached skill level 1 in Ice Magic
  1475 | D:2      | Reached XP level 4. HP: 31/36 MP: 5/7
  2006 | D:3      | Found a shimmering blue altar of Sif Muna.
  2631 | D:3      | Found a snail-covered altar of Cheibriados.
  2641 | D:3      | Became a worshipper of Cheibriados the Contemplative
  2694 | D:3      | Reached XP level 5. HP: 37/42 MP: 8/8
  3031 | D:4      | Noticed a black bear
  3036 | D:4      | Killed a black bear
  3048 | D:4      | Learned a level 3 spell: Confusing Touch
  3086 | D:3      | Reached XP level 6. HP: 48/49 MP: 10/10
  3120 | D:4      | HP: 2/49 [orc wizard/puff of flame (3)]
  3420 | D:4      | Found an ornate altar of the Wu Jian Council.
  3456 | D:3      | Reached skill level 1 in Invocations
  3671 | D:4      | Reached * piety under Cheibriados
  3755 | D:5      | Entered Level 5 of the Dungeon
  4199 | D:4      | Reached skill level 6 in Stealth
  4601 | D:5      | Reached XP level 7. HP: 55/55 MP: 11/11
  4604 | D:5      | Reached skill level 5 in Hexes
  4662 | D:5      | Found a staircase to the Ecumenical Temple.
  4881 | D:6      | Found an opulent altar of Gozag.
  4998 | D:6      | Noticed a yak
  5003 | D:6      | Noticed a yak
  5003 | D:6      | Noticed a yak
  5003 | D:6      | Noticed a yak
  5006 | D:6      | Killed a yak
  5007 | D:6      | Noticed a yak
  5019 | D:6      | Killed a yak
  5020 | D:6      | Reached skill level 7 in Stealth
  5020 | D:6      | Reached XP level 8. HP: 15/62 MP: 3/13
  5021 | D:6      | HP: 3/62 [yak (12)]
  5022 | D:6      | Mangled by a yak

Illustrated notes

Levels and vault maps discovered:
D:1:      dpeg_arrival_simpleton_a, layout_basic, serial_shops, shop_coins,
          ebering_ecumenical_altar_mist
D:2:      layout_loops_cross, minmay_octomino_c4
D:3:      layout_basic, lemuel_blue_sif_altar, lemuel_doored_altar,
          minmay_misc_feat_doors
D:4:      layout_loops_ring, mainiacjoe_overflow_24_doors, st_stairs_11,
          bh_walls_and_bars
D:5:      layout_rooms, minmay_temple_entry_mini_moons, uniq_grinder
D:6:      layout_loops_ring, mainiacjoe_overflow_alcove_2,
          amethyst_overflow_temple_binary, nicolae_gozag_seed_capital,
          minmay_bent

Skill      XL: |  1  2  3  4  5  6  7 |
---------------+----------------------+-----
Dodging        | 2 |  2.2
Stealth        | 5 6 7 |  7.0
Ice Magic      | 1 2 3 4 |  4.3
Hexes          | 4 5 |  5.7
Invocations    | 1 2 |  2.7
Spellcasting   | 3 |  3.7
Short Blades   | |  1.0

Action                   |  1- 3 |  4- 6 |  7- 9 || total
-------------------------+-------+-------+-------++-------
Melee: Dagger            |    73 |   168 |    15 ||   256
 Cast: Corona            |    18 |    15 |       ||    33
       Ensorcelled Hiber |     2 |    34 |    17 ||    53
       Tukima's Dance    |       |     1 |       ||     1
 Abil: Spit Poison       |    17 |     4 |     2 ||    23
  Use: Scroll            |     1 |     5 |     2 ||     8
       Potion            |     1 |       |     2 ||     3
 Stab: Sleeping          |     6 |    31 |     8 ||    45
Armor: Robe              |    22 |    73 |     3 ||    98
Dodge: Dodged            |    51 |   126 |    16 ||   193

Table legend: (Time is in decaauts)
 A = Elapsed time spent in this place.
 B = Non-inter-level travel time spent in this place.
 C = Inter-level travel time spent in this place.
 D = Time resting spent in this place.
 E = Time spent auto-exploring this place.
 F = Levels seen in this place.
 G = Mean time per level.
                   A        B        C        D        E       F      G
               +--------+--------+--------+--------+--------+-----+--------+
         Total |   6611 |   6442 |    169 |    549 |   4451 |   6 | 1101.8 |
       Dungeon |   6611 |   6442 |    169 |    549 |   4451 |   6 | 1101.8 |
               +--------+--------+--------+--------+--------+-----+--------+

Top non-repeatable levels by time:
     D:4: 1969 daAuts
     D:3: 1612 daAuts
     D:1: 1274 daAuts
     D:2: 1148 daAuts
     D:6: 438 daAuts
     D:5: 167 daAuts
